 Dungeon Crawl Stone Soup version 0.19.0-2-gae57169 (webtiles) character file.

204 JeffiDaFish the Shield-Bearer (level 5, -1/33 HPs)
             Began as a Gargoyle Fighter on Nov 6, 2016.
             Slain by Edmund
             ... wielding a +4 flail of venom
              (12 damage)
             ... on level 4 of the Dungeon.
             The game lasted 00:05:52 (2264 turns).

JeffiDaFish the Shield-Bearer (Gargoyle Fighter)    Turns: 2264, Time: 00:05:53

Health: -1/33      AC: 14    Str: 21    XL:     5   Next: 82%
Magic:  5/5        EV:  5    Int:  8    God:
Gold:   204        SH:  9    Dex:  9    Spells: 1 memorised, 3 levels left

rFire  + . .     SeeInvis .     a - +1 flail
rCold  . . .     Gourm    .     j - +0 chain mail
rNeg   + . .     Faith    .     c - +0 shield
rPois  ∞         Spirit   .     e - +0 helmet
rElec  +         Reflect  .     (no cloak)
rCorr  .         Harm     .     (no gloves)
MR     .....                    (no boots)
Stlth  ..........               (no amulet)
                                (no ring)
                                n - ring of loudness (curse)

@: no status effects
A: talons 1, fire resistance 1, negative energy resistance 1, electricity
resistance, unbreathing, petrification resistance, rot immunity, MP-powered
wands, AC +4
a: no special abilities


You were on level 4 of the Dungeon.
You were hungry.

You visited 1 branch of the dungeon, and saw 4 of its levels.

You collected 204 gold pieces.

Inventory:

Hand Weapons
 a - a +1 flail (weapon)
Armour
 c - a +0 shield (worn)
 e - a +0 helmet (worn)
 j - a +0 chain mail (worn)
 q - a cursed +0 chain mail
Jewellery
 n - a cursed ring of loudness (left hand)
Scrolls
 b - 2 scrolls of blinking
 d - a scroll of amnesia
 o - 2 scrolls of fear
 p - a scroll of recharging
Potions
 l - 3 potions of heal wounds
 m - a potion of flight
Books
 k - a book of Minor Magic

   Spells                             Type                      Level
   a - Magic Dart                     Conjuration                  1
   b - Blink                          Translocation                2
   c - Call Imp                       Summoning                    2
   d - Repel Missiles                 Charms/Air                   2
   e - Slow                           Hexes                        2
   f - Conjure Flame                  Conjuration/Fire             3
   g - Mephitic Cloud                 Conjuration/Poison/Air       3
Comestibles
 f - 4 bread rations
 g - 2 meat rations
 h - 5 fruits
 i - a beef jerky


   Skills:
 + Level 3.9 Fighting
 + Level 4.2 Maces & Flails
 + Level 3.9 Armour
 + Level 0.4 Dodging
 + Level 0.2 Stealth
 + Level 4.3 Shields


You had 3 spell levels left.
You knew the following spells:

 Your Spells              Type           Power        Failure   Level  Hunger
a - Magic Dart            Conj           #...         100%        1    ##.....


Dungeon Overview and Level Annotations

Branches:
Dungeon (4/15)             Temple (0/1) D:4

Altars:
Ashenzari

Annotations:
D:4 Edmund


Innate Abilities, Weirdness & Mutations

You are resistant to torment.
Your stone body is resilient. (AC +4)
You are immune to poison.
You resist negative energy. (rN+)
You are resistant to electric shocks. (rElec)
You can survive without breathing.
You are immune to petrification.
You are immune to rotting.
You have sharp toenails.
Your flesh is heat resistant. (rF+)
You expend magic power (3 MP) to strengthen your wands.


Message History

Edmund is heavily wounded.
You block the hound's attack. Edmund barely misses you.
The hound bites you but does no damage. Edmund hits you but does no damage.
You closely miss Edmund. Your kick misses Edmund.
Edmund is heavily wounded.
You block the hound's attack. The hound bites you but does no damage.
Edmund hits you with a flail of venom.
You hit Edmund. Your kick misses Edmund.
Edmund is heavily wounded.
You block the hound's attack. The hound bites you but does no damage.
Edmund barely misses you.
You hit Edmund. You claw Edmund, but do no damage.
Edmund is severely wounded.
You block the hound's attack. The hound bites you but does no damage.
Edmund hits you but does no damage.
You thump Edmund! You claw Edmund, but do no damage.
Edmund is almost dead.
You block the hound's attack. The hound barely misses you.
Edmund hits you with a flail of venom!
You die...

. .# # ..#
.#...#
###.....#
#h.......
#@.......
#.@...%..
.........
.!........
...>.......
.>..#######.
..... .....#


You could see Edmund and a hound.

Vanquished Creatures
  The ghost of Yore the Poker, an amateur VSGl of the Shining One (D:3)
  5 adders
  3 gnolls (D:3)
  An ooze (D:3)
  4 worms
  A dart slug (D:1)
  A leopard gecko (D:3)
  A ball python (D:2)
  5 giant cockroaches
  6 goblins
  6 hobgoblins
  2 quokkas
  A frilled lizard (D:2)
  6 kobolds
  5 rats
48 creatures vanquished.

Vanquished Creatures (others)
  4 toadstools (D:1)
4 creatures vanquished.

Grand Total: 52 creatures vanquished

Notes
Turn   | Place    | Note
-------+----------+-------------------------------------------
     0 | D:1      | JeffiDaFish the Gargoyle Fighter began the quest for the Orb.
     0 | D:1      | Reached XP level 1. HP: 14/14 MP: 1/1
   138 | D:1      | Reached XP level 2. HP: 10/19 MP: 2/2
   874 | D:2      | Reached XP level 3. HP: 18/24 MP: 3/3
  1004 | D:2      | Learned a level 1 spell: Magic Dart
  1290 | D:2      | Reached XP level 4. HP: 29/29 MP: 4/4
  1706 | D:3      | Noticed Yore's ghost (amateur VSGl)
  1713 | D:3      | Killed Yore's ghost
  1713 | D:3      | Reached XP level 5. HP: 27/33 MP: 5/5
  1754 | D:3      | Gained mutation: You have sharp toenails. [potion of mutation]
  1754 | D:3      | Gained mutation: Your flesh is heat resistant. (rF+) [potion of mutation]
  1754 | D:3      | Gained mutation: You expend magic power (3 MP) to strengthen your wands. [potion of mutation]
  1983 | D:3      | Found a shattered altar of Ashenzari.
  2247 | D:4      | Found a staircase to the Ecumenical Temple.
  2247 | D:4      | Noticed Edmund
  2264 | D:4      | Slain by Edmund

Skill      XL: |  1  2  3  4 |
---------------+-------------+-----
Maces & Flails | 3 4 |  4.2
Shields        | 4 |  4.3
Fighting       | |  3.9
Armour         | |  3.9
Dodging        | |  0.4
Stealth        | |  0.2

Action                   |  1- 3 |  4- 6 || total
-------------------------+-------+-------++-------
Melee: Flail             |    91 |   116 ||   207
       Kick              |       |    13 ||    13
  Use: Scroll            |     6 |     3 ||     9
       Potion            |     4 |     3 ||     7
 Stab: Invisible         |     2 |       ||     2
  Eat: Chunk             |     1 |     3 ||     4
Armor: Scale mail        |    28 |       ||    28
       Chain mail        |    33 |    83 ||   116
Dodge: Dodged            |    29 |    29 ||    58
Block: Shield            |    43 |    60 ||   103
